 Dungeon Crawl Stone Soup version 0.31.0-11-ge490571c62 (webtiles) character file.

Game seed: 5164156948351268986

33 SmokeWeed the Grasshopper (level 3, 0/21 HPs)
             Began as a Deep Elf Warper on Feb 3, 2024.
             Slain by a hobgoblin (4 damage)
             ... on level 2 of the Dungeon.
             The game lasted 00:02:43 (1030 turns).

SmokeWeed the Grasshopper (Deep Elf Warper)         Turns: 1030, Time: 00:02:44

Health: 0/21       AC:  3    Str:  8    XL:     3   Next: 12%
Magic:  9/9        EV: 12    Int: 17    God:
Gold:   54         SH:  0    Dex: 16    Spells: 6/8 levels left

rFire   . . .        a - +0 short sword
rCold   . . .        (no shield)
rNeg    . . .        b - +0 leather armour
rPois   .            (no helmet)
rElec   .            (no cloak)
rCorr   .            (no gloves)
SInv    .            (no boots)
Will    .....        (no amulet)
Stlth   +            (no ring)
HPRegen 0.23/turn    (no ring)
MPRegen 0.11/turn

%: no passive effects
@: no status effects
A: no striking features
a: no special abilities


You were on level 2 of the Dungeon.
You visited 1 branch of the dungeon, and saw 2 of its levels.

You collected 54 gold pieces.

Inventory:

Hand Weapons
 a - a +0 short sword (weapon)
 g - a +0 falchion
Missiles
 d - 6 darts of dispersal (quivered)
 h - 6 poisoned darts
Armour
 b - a +0 leather armour (worn)
Scrolls
 c - a scroll of blinking
 f - 3 scrolls of revelation {unknown}
Potions
 e - a potion of lignification {unknown}


   Skills:
 + Level 1.7 Fighting
 + Level 2.2 Short Blades
 + Level 1.0 Throwing
 + Level 1.1 Armour
 + Level 2.6 Dodging
 * Level 0.4 Stealth
 + Level 3.3 Spellcasting
 + Level 3.9 Translocations


You had 6 spell levels left.
You knew the following spells:

 Your Spells              Type           Power      Damage    Failure   Level
a - Blink                 Tloc           32%        N/A       7%          2

Your spell library contained the following spells:

 Spells                   Type           Power      Damage    Failure   Level
 Lesser Beckoning         Tloc           32%        N/A       7%          2
 Teleport Other           Tloc           16%        N/A       14%         3
 Manifold Assault         Tloc           16%        N/A       43%         4
 Vhi's Electric Charge    Tloc/Air       18%        N/A       71%         4


Dungeon Overview and Level Annotations

Branches:
Dungeon (2/15)

Altars:

Shops:
D:1 *


Message History

The hobgoblin barely misses you.
You barely miss the hobgoblin.
The hobgoblin is almost dead.
The endoplasm hits you but does no damage.
The hobgoblin hits you.
You are too injured to fight recklessly!
You are too injured to fight recklessly!
You are too injured to fight recklessly!
You are too injured to fight recklessly!
The endoplasm barely misses you. The hobgoblin misses you.
You barely miss the endoplasm. The endoplasm freezes you.
You are frozen.
* * * LOW HITPOINT WARNING * * *
You hit the endoplasm.
The endoplasm is severely wounded.
The hobgoblin hits you.
* * * LOW HITPOINT WARNING * * *
The endoplasm hits you.
* * * LOW HITPOINT WARNING * * *
You hit the endoplasm but do no damage.
The endoplasm is severely wounded.
The hobgoblin barely misses you.
The endoplasm hits you but does no damage.
You hit the endoplasm.
You kill the endoplasm!
The hobgoblin completely misses you.
You barely miss the hobgoblin.
The hobgoblin is severely wounded.
The hobgoblin hits you but does no damage.
You barely miss the hobgoblin.
The hobgoblin is severely wounded.
You barely miss the hobgoblin.
The hobgoblin is severely wounded.
The hobgoblin closely misses you.
You closely miss the hobgoblin.
The hobgoblin is severely wounded.
The hobgoblin hits you.
You die...

#.....). ####### #....###
.......## #....# .....!..#
#....# ?........ .#####
#....### ........#
#............#.. ......).##
#...............
....$..).###...>.......##..
.....$....@#...........##..
.........g.#...........##..
............##.........##..
######..♣....#.........##..
#..♣♣P♣...........##..
##.......######....#..
##.....## ####...# ###..##
###># #### #.#


You could see a hobgoblin.

Vanquished Creatures
  An adder (D:2)
  2 dart slugs (D:1)
  2 endoplasms
  2 giant cockroaches (D:1)
  2 goblins (D:1)
  A hobgoblin (D:2)
  A quokka (D:1)
  A bat (D:2)
  A frilled lizard (D:1)
  7 kobolds
20 creatures vanquished.

Notes
Turn   | Place    | Note
-------+----------+-------------------------------------------
     0 | D:1      | SmokeWeed the Deep Elf Warper began the quest for the Orb.
     0 | D:1      | Reached XP level 1. HP: 12/12 MP: 6/6
    21 | D:1      | Found Fiuth's Assorted Antiques.
   203 | D:1      | Reached XP level 2. HP: 16/16 MP: 8/8
   252 | D:1      | Learned a level 2 spell: Blink
   697 | D:1      | Reached skill level 1 in Armour
   866 | D:2      | Reached XP level 3. HP: 3/21 MP: 9/9
  1030 | D:2      | Slain by a hobgoblin

Illustrated notes

Levels and vault maps discovered:
D:1:      psy_arrival_fountain, layout_loops_ring, serial_shops, shop
D:2:      layout_basic, serial_park_tiny_2, minmay_heptomino_o4, uniq_sigmund

Skill      XL: |  1  2 |
---------------+-------+-----
Armour         | 1 |  1.1
Fighting       | |  1.7
Short Blades   | |  2.2
Throwing       | |  1.0
Dodging        | |  2.6
Stealth        | |  0.4
Spellcasting   | |  3.3
Translocations | |  3.9

Action                     || total
---------------------------++-------
  Melee: Short sword       ||    92
         Falchion          ||    13
         Punch             ||     1
  Throw: Dart              ||     1
   Cast: Blink             ||     1
    Use: Potion            ||     1
   Stab: Invisible         ||     3
         Sleeping          ||     1
 Armour: Leather armour    ||    51
  Dodge: Dodged            ||    62
